[Event "ICC tourney 2039 (30 10)"]
[Site "Internet Chess Club"]
[Date "2020.10.04"]
[Round "2"]
[White "Yeetamus123"]
[Black "oxdidi"]
[Result "0-1"]
[ICCResult "White resigns"]
[WhiteElo "1279"]
[BlackElo "1111"]
[Opening "Scotch: Potter variation"]
[ECO "C45"]
[NIC "SO.05"]
[Time "13:05:15"]
[TimeControl "1800+10"]

1. e4 e5 2. Nf3 Nc6 3. d4 exd4 4. Nxd4 Bc5 5. Nb3 Bb6 6. Nc3 d6 7. Qe2 Nf6
8. f3 Be6 9. Bg5 O-O 10. O-O-O h6 11. Bh4 a5 12. e5 Nxe5 13. Ne4 Ned7 14. g4
a4 15. Nbd2 d5 16. Nxf6+ Nxf6 17. Ne4 Qe7 18. Nxf6+ gxf6 19. f4 Qc5 20. Kb1
Kg7 21. g5 hxg5 22. fxg5 f5 23. Qe5+ Kg8 24. g6 Qd6 25. Qf6 Bd7 26. g7 Rfe8
27. Qxf5 Bxf5 {White resigns} 0-1

[Event "ICC tourney 2039 (30 10)"]
[Site "Internet Chess Club"]
[Date "2020.10.04"]
[Round "2"]
[White "shreyanshdaga"]
[Black "AJRChess2011"]
[Result "0-1"]
[ICCResult "White checkmated"]
[WhiteElo "218"]
[BlackElo "1289"]
[Opening "Sicilian defense"]
[ECO "B30"]
[NIC "SI.31"]
[Time "13:05:11"]
[TimeControl "1800+10"]

1. e4 c5 2. Nf3 Nc6 3. Nc3 g6 4. Bc4 Bg7 5. O-O Nf6 6. d3 O-O 7. Bf4 d6 8.
e5 dxe5 9. Bxe5 Nxe5 10. Nxe5 a6 11. a4 Bf5 12. Qf3 Qc7 13. Rfe1 e6 14. Rab1
Ne8 15. Ng4 Nd6 16. Ne5 Bxe5 17. Rxe5 Nxc4 18. Ree1 Nd2 19. Qe3 Nxb1 20.
Rxb1 Qd6 21. h3 e5 22. Qf3 b6 23. Nd5 Rfd8 24. c4 Kg7 25. h4 Be6 26. Nc3
Qxd3 27. Qxd3 Rxd3 28. Ne4 Bxc4 29. Rc1 Rd4 30. f3 Bd3 31. Ng5 Rxh4 32. g3
Rxa4 33. Rd1 Rd4 34. f4 exf4 35. gxf4 Bf5 36. Re1 Rad8 37. Re7 Rd1+ 38. Kg2
R8d2+ 39. Kg3 Rg1+ 40. Kf3 Bg4+ 41. Ke3 Re2+ 42. Kd3 Rxe7 43. Kd2 Rge1 44.
Kd3 Rd7+ 45. Kc3 b5 46. Kc2 h6 47. Ne4 Rxe4 48. Kc1 Re2 49. Kb1 Rdd2 50. f5
Bxf5+ 51. Ka2 Rxb2+ 52. Ka3 Ra2+ 53. Kb3 a5 54. Kc3 Re3# {White checkmated}
0-1

[Event "ICC tourney 2039 (30 10)"]
[Site "Internet Chess Club"]
[Date "2020.10.04"]
[Round "2"]
[White "lmperfectFocus"]
[Black "andrewj508"]
[Result "1-0"]
[ICCResult "Black checkmated"]
[WhiteElo "1546"]
[BlackElo "1192"]
[Opening "Scotch gambit"]
[ECO "C44"]
[NIC "SO.06"]
[Time "13:05:03"]
[TimeControl "1800+10"]

1. e4 e5 2. Nf3 Nc6 3. d4 exd4 4. Bc4 d6 5. Nxd4 Nf6 6. Nc3 Ne5 7. Bb3 a6 8.
O-O c5 9. Nf3 Bg4 10. Bf4 Bxf3 11. gxf3 Ng6 12. Bg3 h5 13. h4 Be7 14. Qd3 b5
15. Bd5 Nxd5 16. Qxd5 Nxh4 17. Qc6+ Kf8 18. e5 Rc8 19. Qb7 Rb8 20. Qc6 Rb6
21. Qe4 dxe5 22. Rad1 Rd6 23. Rxd6 Bxd6 24. Bxh4 g5 25. Bg3 h4 26. Bxe5 Bxe5
27. Qxe5 Qd4 28. Qxd4 cxd4 29. Ne4 Rg8 30. Rd1 g4 31. f4 Rg6 32. Rxd4 Rc6
33. c3 Ke7 34. f5 Rh6 35. Nc5 Rc6 36. b4 a5 37. Rxg4 axb4 38. cxb4 Kf6 39.
Rxh4 Kxf5 40. Rh3 Ke5 41. a3 Kd4 42. Rd3+ Kc4 43. Rd1 Kc3 44. Rc1+ Kb2 45.
Nd3+ Kxa3 46. Rxc6 Ka4 47. Nc1 Kxb4 48. Kg2 Ka3 49. Kf3 b4 50. Nd3 Ka4 51.
Rc7 b3 52. Rxf7 Kb5 53. Rb7+ Kc4 54. Nc1 Kc3 55. Nxb3 Kc2 56. Re7 Kb1 57.
Ke4 Ka2 58. Kd5 Kb2 59. Kd6 Ka2 60. f4 Kb2 61. f5 Ka2 62. f6 Kb2 63. f7 Ka2
64. f8=Q Kb2 65. Nc5 Kc3 66. Qf3+ Kc4 67. Re4+ Kb5 68. Qb3+ Ka5 69. Ra4#
{Black checkmated}
1-0

[Event "ICC tourney 2039 (30 10)"]
[Site "Internet Chess Club"]
[Date "2020.10.04"]
[Round "2"]
[White "rajisankar01"]
[Black "Elatedbook"]
[Result "1-0"]
[ICCResult "Black checkmated"]
[WhiteElo "937"]
[BlackElo "1229"]
[Opening "Four knights: Scotch, 4...exd4"]
[ECO "C47"]
[NIC "KP.06"]
[Time "13:05:10"]
[TimeControl "1800+10"]

1. e4 e5 2. Nf3 Nc6 3. Nc3 Nf6 4. d4 exd4 5. Nxd4 Bb4 6. Nxc6 bxc6 7. Bd3 d6
8. O-O O-O 9. Bd2 Bc5 10. Re1 Ng4 11. Rf1 Qh4 12. h3 Nxf2 13. Rxf2 Qxf2+ 14.
Kh1 d5 15. Qe1 Qf6 16. exd5 cxd5 17. Nxd5 Qd6 18. Qe4 g6 19. Bc3 Qg3 20.
Nf6+ Kh8 21. Nh5+ Qe5 22. Qxe5+ f6 23. Qxc5 Bd7 24. Nxf6 Kg7 25. Nxd7+ Kf7
26. Nxf8 Rxf8 27. Rf1+ Ke6 28. Bc4+ Kd7 29. Rxf8 g5 30. Qd5+ Ke7 31. Bb4+ c5
32. Bxc5# {Black checkmated} 1-0

[Event "ICC tourney 2039 (30 10)"]
[Site "Internet Chess Club"]
[Date "2020.10.04"]
[Round "2"]
[White "Nacaroa-Dan"]
[Black "marinaxiao"]
[Result "1-0"]
[ICCResult "Black checkmated"]
[WhiteElo "1636"]
[BlackElo "1428"]
[Opening "Sicilian: Grand Prix attack"]
[ECO "B23"]
[NIC "SI.44"]
[Time "13:05:01"]
[TimeControl "1800+10"]

1. e4 c5 2. Nc3 Nc6 3. f4 e6 4. Nf3 d5 5. Bb5 Nf6 6. Bxc6+ bxc6 7. e5 Nd7 8.
O-O Be7 9. d3 O-O 10. Qe1 Ba6 11. a3 Qb6 12. Kh1 c4 13. d4 c5 14. Na4 Qc6
15. Nc3 Qb6 16. dxc5 Nxc5 17. Be3 Qxb2 18. Rb1 Qxc2 19. Nd4 Qg6 20. Nc6 Rfe8
21. Nxe7+ Rxe7 22. Bxc5 Rd7 23. Bd4 Qd3 24. Qf2 Rb7 25. Rxb7 Bxb7 26. Rd1
Qg6 27. Nb5 a6 28. Nd6 Bc6 29. f5 exf5 30. Qxf5 Qxf5 31. Nxf5 Re8 32. Rb1 f6
33. exf6 gxf6 34. Bxf6 Rf8 35. Ne7+ Kf7 36. Nxc6 Kxf6 37. Rf1+ Kg7 38. Rxf8
Kxf8 39. Kg1 c3 40. Nd4 Ke7 41. Kf2 Kd6 42. Ke3 Ke5 43. g3 a5 44. Kd3 a4 45.
Ne2 c2 46. Kxc2 Ke4 47. Kd2 d4 48. Nf4 Kf3 49. Kd3 Kf2 50. Kxd4 Kg1 51. h4
Kh2 52. Ne2 Kh3 53. Ke4 Kg4 54. Ke3 h5 55. Kf2 Kf5 56. Nc3 Kg4 57. Nxa4 Kf5
58. Nc3 Ke5 59. a4 Kd6 60. Ne4+ Kc6 61. Nf6 Kb6 62. Nxh5 Ka5 63. Nf4 Kxa4
64. h5 Kb5 65. h6 Kc5 66. h7 Kd6 67. h8=Q Kd7 68. Qf6 Kc7 69. g4 Kd7 70. g5
Kc7 71. g6 Kd7 72. g7 Kc7 73. Qe6 Kb7 74. Qd6 Ka7 75. Qc6 Kb8 76. g8=Q+ Ka7
77. Qga8# {Black checkmated} 1-0

[Event "ICC tourney 2039 (30 10)"]
[Site "Internet Chess Club"]
[Date "2020.10.04"]
[Round "2"]
[White "orwind"]
[Black "turtle6"]
[Result "1/2-1/2"]
[ICCResult "Game drawn because neither player has mating material"]
[WhiteElo "1498"]
[BlackElo "1681"]
[Opening "Ruy Lopez: exchange variation, 5.O-O"]
[ECO "C68"]
[NIC "RL.08"]
[Time "13:05:01"]
[TimeControl "1800+10"]

1. e4 e5 2. Nf3 Nc6 3. Bb5 a6 4. Bxc6 dxc6 5. O-O Bd6 6. d4 f6 7. dxe5 fxe5
8. Nxe5 Bxe5 9. Qh5+ Kf8 10. Qxe5 Qe7 11. Qxe7+ Nxe7 12. Bf4 Be6 13. Bxc7
Rc8 14. Bd6 Kf7 15. Nc3 Rhd8 16. Bxe7 Kxe7 17. Rad1 b5 18. b3 a5 19. Rxd8
Rxd8 20. Rd1 Rxd1+ 21. Nxd1 Kd6 22. f4 g6 23. Kf2 h5 24. Ne3 Kc5 25. f5 gxf5
26. exf5 Bf7 27. g4 hxg4 28. Nxg4 Kd4 29. Nh6 Bd5 30. f6 Kc3 31. f7 Bxf7 32.
Nxf7 Kxc2 33. h4 c5 34. h5 c4 35. bxc4 bxc4 36. h6 c3 37. h7 Kb1 38. h8=Q c2
39. Qb8+ Kxa2 40. Qc7 Kb2 41. Qb6+ Ka1 42. Qxa5+ Kb1 43. Qb4+ Ka1 44. Qc3+
Kb1 45. Qb3+ Ka1 46. Ne5 c1=Q 47. Nd3 Qd2+ 48. Kf3 Qc2 49. Qa3+ Kb1 50. Ke3
Qg2 51. Qb4+ Ka1 52. Qe1+ Ka2 53. Qa5+ Kb1 54. Qb4+ Ka1 55. Qa4+ Qa2 56.
Qd1+ Qb1 57. Qxb1+ Kxb1 {Game drawn because neither player has mating
material} 1/2-1/2

[Event "ICC tourney 2039 (30 10)"]
[Site "Internet Chess Club"]
[Date "2020.10.04"]
[Round "2"]
[White "suhavit"]
[Black "ChessStar22"]
[Result "0-1"]
[ICCResult "White checkmated"]
[WhiteElo "1097"]
[BlackElo "1420"]
[Opening "Caro-Kann: exchange variation"]
[ECO "B13"]
[NIC "CK.02"]
[Time "13:05:01"]
[TimeControl "1800+10"]

1. e4 c6 2. d4 d5 3. exd5 cxd5 4. Nf3 Nc6 5. Nc3 Nf6 6. Be3 Bg4 7. Be2 e6 8.
a3 Bd6 9. h3 Bxf3 10. Bxf3 a6 11. O-O O-O 12. Bg5 h6 13. Bh4 Be7 14. Bg3 Qb6
15. Rb1 Qxd4 16. Qe2 b5 17. Rfd1 Qc5 18. Qd2 Bd6 19. Bxd6 Qxd6 20. Re1 Rfd8
21. Rbd1 Qc7 22. Qe2 b4 23. axb4 Nxb4 24. Rc1 Rab8 25. Red1 Nd7 26. Bh5 Qe5
27. Qxe5 Nxe5 28. Be2 d4 29. Ne4 d3 30. Bxd3 Nbxd3 31. cxd3 Rxd3 32. Nc5
Rxd1+ 33. Rxd1 a5 34. Ra1 Rb5 35. Na4 Nd3 36. Nc3 Rxb2 37. Rxa5 Rc2 38. Ne4
Rc1+ 39. Kh2 f5 40. Ng3 Nxf2 41. Ne2 Re1 42. Nf4 e5 43. Ng6 f4 44. g4 fxg3+
45. Kxg3 Nd3 46. Ra8+ Kf7 47. Nh8+ Kf6 48. Rf8+ Ke6 49. Re8+ Kd5 50. Rd8+
Kc4 51. Rc8+ Kd4 52. Rd8+ Ke3 53. Nf7 Kd2 54. Rd5 e4 55. Ne5 Rg1+ 56. Kh2
Rg5 57. Nc4+ Kc3 58. Rxg5 hxg5 59. Ne3 Kd2 60. Ng4 e3 61. Nxe3 Kxe3 62. Kg3
Ne5 63. h4 gxh4+ 64. Kxh4 Kf4 65. Kh3 g5 66. Kh2 Kf3 67. Kh1 g4 68. Kh2 g3+
69. Kh1 g2+ 70. Kg1 Nd3 71. Kh2 Kf2 72. Kh3 g1=Q 73. Kh4 Qg6 74. Kh3 Nf4+
75. Kh4 Qh5# {White checkmated} 0-1

[Event "ICC tourney 2039 (30 10)"]
[Site "Internet Chess Club"]
[Date "2020.10.04"]
[Round "2"]
[White "ABecker755"]
[Black "TemporaryOtter"]
[Result "1-0"]
[ICCResult "Black checkmated"]
[WhiteElo "1281"]
[BlackElo "831"]
[Opening "QP counter-gambit (elephant gambit)"]
[ECO "C40"]
[NIC "KP.10"]
[Time "13:05:23"]
[TimeControl "1800+10"]

1. e4 e5 2. Nf3 d5 3. exd5 e4 4. Qe2 Nf6 5. d3 Bf5 6. dxe4 Bxe4 7. Ng5 Qe7
8. Nxe4 Nxe4 9. Nd2 Nxd2 10. Qxe7+ Bxe7 11. Bxd2 O-O 12. Bd3 Re8 13. O-O g6
14. Rfe1 Nd7 15. Bb5 Rad8 16. Bxd7 Rxd7 17. c4 Rdd8 18. Bc3 Bc5 19. Kf1 Kf8
20. b4 Bd6 21. c5 Be7 22. Rad1 Bg5 23. Rxe8+ Rxe8 24. d6 cxd6 25. Rxd6 Rd8
26. Rxd8+ Bxd8 27. a4 Ke8 28. Ke2 Kd7 29. Kd3 Kc6 30. Kc4 b6 31. b5+ Kc7 32.
Be5+ Kb7 33. c6+ Kc8 34. Kd5 Bc7 35. f4 Bxe5 36. Kxe5 Kc7 37. Kf6 a6 38.
Kxf7 axb5 39. axb5 Kd6 40. Kg7 h5 41. Kxg6 h4 42. g3 hxg3 43. hxg3 Kc5 44.
c7 Kxb5 45. c8=Q Ka5 46. Kf5 b5 47. Ke4 b4 48. Kd3 b3 49. Kc3 Ka4 50. Qb8
Ka5 51. Qxb3 Ka6 52. Kc4 Ka7 53. Kc5 Ka8 54. Kc6 Ka7 55. Qb7# {Black
checkmated} 1-0

[Event "ICC tourney 2039 (30 10)"]
[Site "Internet Chess Club"]
[Date "2020.10.04"]
[Round "2"]
[White "MikeWMason"]
[Black "blackjack721"]
[Result "1-0"]
[ICCResult "Black checkmated"]
[WhiteElo "1776"]
[BlackElo "1492"]
[Opening "King's knight opening"]
[ECO "C40"]
[NIC "KP.10"]
[Time "13:05:08"]
[TimeControl "1800+10"]

1. e4 e5 2. Nf3 Bc5 3. Bc4 d6 4. d3 c6 5. O-O Ne7 6. c3 Be6 7. Nbd2 Qd7 8.
b4 Bb6 9. a4 Bg4 10. Qb3 Ng6 11. a5 Bc7 12. Ng5 O-O 13. f3 b5 14. Bxf7+ Rxf7
15. fxg4 d5 16. Rxf7 Qxg4 17. Ndf3 h6 18. Rxc7 hxg5 19. Bxg5 Nd7 20. exd5
Kh7 21. dxc6 Ndf8 22. Qf7 Ne6 23. h3 Rf8 24. hxg4 Rxf7 25. Rxf7 Kg8 26. Rxa7
Ngf4 27. Bxf4 exf4 28. Re7 Nf8 29. c7 Kh7 30. c8=Q Ng6 31. Ng5+ Kh6 32. Nf7+
Kh7 33. Re8 Nh4 34. Rh8+ Kg6 35. Qe6# {Black checkmated} 1-0

[Event "ICC tourney 2039 (30 10)"]
[Site "Internet Chess Club"]
[Date "2020.10.04"]
[Round "2"]
[White "solveur"]
[Black "alex3"]
[Result "1-0"]
[ICCResult "Black resigns"]
[WhiteElo "1346"]
[BlackElo "1534"]
[Opening "Dutch with c4 & Nc3"]
[ECO "A85"]
[NIC "HD.05"]
[Time "13:05:52"]
[TimeControl "1800+10"]

1. d4 f5 2. c4 Nf6 3. Nc3 g6 4. Nf3 Bg7 5. Bf4 O-O 6. e3 d6 7. Be2 Nbd7 8.
O-O Qe8 9. h3 e5 10. Bh2 e4 11. Nd2 b6 12. Qb3 Kh8 13. a4 a5 14. Nb5 Qd8 15.
Qa3 Ba6 16. Nb3 Bxb5 17. cxb5 Nd5 18. Nd2 Nb4 19. Rac1 Rc8 20. Rc4 Nf6 21.
Qb3 Nfd5 22. Rcc1 Qe7 23. Bc4 Nf6 24. Rfd1 d5 25. Be2 Qf7 26. Rc3 Ne8 27.
Rdc1 g5 28. f3 Qd7 29. Rf1 Nd6 30. Rfc1 f4 31. fxe4 dxe4 32. Bg4 Nf5 33.
Nxe4 fxe3 34. Rd1 e2 35. Bxe2 Qe7 36. Be5 Bxe5 37. dxe5 Qxe5 38. Qc4 h6 39.
Bg4 Rce8 40. Bxf5 Rxf5 41. Re1 Nd5 42. Rd3 Nf6 43. Rde3 Nd5 44. R3e2 Nf4 45.
Nc3 Nxe2+ 46. Rxe2 Qc5+ 47. Qxc5 Rxc5 48. Rxe8+ Kg7 49. Kf2 Kf7 50. Re4 Kf6
51. Ke3 Kf7 52. Kd3 Kf6 53. Rd4 Ke6 54. Ne4 Rc1 55. g4 Rh1 56. Nf2 Rh2 57.
Ke3 Rg2 58. Re4+ Kf7 59. Rc4 Rg3+ 60. Ke2 Rb3 61. Nd3 Ke6 62. Kd2 Kd5 63.
Rxc7 Kd4 64. Rd7+ Ke4 65. Kc2 {Black resigns} 1-0

[Event "ICC tourney 2039 (30 10)"]
[Site "Internet Chess Club"]
[Date "2020.10.04"]
[Round "2"]
[White "Threehundreds"]
[Black "APBrain"]
[Result "1-0"]
[ICCResult "Black checkmated"]
[WhiteElo "1448"]
[BlackElo "1457"]
[Opening "Sicilian: Pelikan, Chelyabinsk variation"]
[ECO "B33"]
[NIC "SI.37"]
[Time "13:05:02"]
[TimeControl "1800+10"]

1. e4 c5 2. Nf3 Nc6 3. d4 cxd4 4. Nxd4 Nf6 5. Nc3 e5 6. Ndb5 d6 7. Bg5 a6 8.
Na3 b5 9. Nd5 Be7 10. Bxf6 Bxf6 11. f3 O-O 12. Qd2 Bg5 13. Qf2 f5 14. h4 Bh6
15. Nb6 Rb8 16. Nxc8 Rxc8 17. exf5 Nd4 18. c3 b4 19. cxd4 bxa3 20. bxa3 Qa5+
21. Kd1 Qc3 22. Rb1 Be3 23. Qb2 exd4 24. Qxc3 dxc3 25. Kc2 d5 26. Bxa6 Rc7
27. Rb3 d4 28. Bd3 Ra7 29. Bc4+ Kh8 30. Rhb1 Raa8 31. Bd3 Rfe8 32. Be4 Rad8
33. Kd3 Rc8 34. Kc2 Red8 35. a4 Bf4 36. a5 Rd7 37. Rb7 Rxb7 38. Rxb7 Rb8 39.
a6 Rxb7 40. axb7 Bb8 41. Kd3 Ba7 42. b8=R+ Bxb8 43. Kxd4 Kg8 44. Kxc3 Kf7
45. a4 Bc7 46. Kc4 Kf6 47. Kb5 Ke5 48. a5 Kf4 49. a6 Bb8 50. g4 Kg3 51. h5
Kh4 52. Kb6 Be5 53. a7 Bd4+ 54. Kb7 Bxa7 55. Kxa7 Kg5 56. Kb7 h6 57. Kc7 Kf6
58. Kd6 Kf7 59. f4 Kf6 60. Kd5 g5 61. hxg6 Kg7 62. Ke6 Kf8 63. f6 Kg8 64. g7
h5 65. Bh7+ Kxh7 66. Kf7 Kh6 67. g5+ Kh7 68. g8=Q# {Black checkmated} 1-0

[Event "ICC tourney 2039 (30 10)"]
[Site "Internet Chess Club"]
[Date "2020.10.04"]
[Round "2"]
[White "SunnyCountry"]
[Black "MathMonkey"]
[Result "0-1"]
[ICCResult "White resigns"]
[WhiteElo "1168"]
[BlackElo "1002"]
[Opening "Giuoco Piano"]
[ECO "C54"]
[NIC "IG.02"]
[Time "13:05:04"]
[TimeControl "1800+10"]

1. e4 e5 2. Nf3 Nc6 3. Bc4 Bc5 4. c3 Nf6 5. d3 O-O 6. O-O h6 7. Nbd2 d6 8.
a4 a5 9. h3 Nh5 10. Re1 Nf4 11. Nf1 Qf6 12. Bxf4 Qxf4 13. Qd2 Qf6 14. Qe2
Ne7 15. Rad1 Ng6 16. N3h2 Nf4 17. Qf3 Qg5 18. Ng3 h5 19. d4 exd4 20. cxd4
Bb4 21. Bf1 Bxe1 22. Rxe1 h4 23. Ne2 Nxh3+ 24. Kh1 Qd2 25. Qc3 Qxc3 26. Nxc3
Nxf2+ 27. Kg1 Ng4 28. Nd5 Nxh2 29. Kxh2 c6 30. Ne7+ Kh8 31. Nxc8 Raxc8 32.
Bc4 Rce8 33. e5 d5 34. Bd3 Re7 35. Rf1 b6 36. Rf4 g6 37. Bxg6 Kg7 38. Bh5
Rh8 39. Bf3 Kf8 40. Kh3 Rh6 41. Rxh4 Rxh4+ 42. Kxh4 Rb7 43. g4 b5 44. axb5
Rxb5 45. Kg5 Kg7 46. Kf5 Rxb2 47. g5 a4 48. e6 fxe6+ 49. Kxe6 a3 50. Kd6 a2
51. Kxc6 a1=Q 52. Kxd5 Qa8+ 53. Ke6 Qxf3 54. d5 Qe4+ 55. Kd6 Rd2 56. g6
Rxd5+ 57. Kc7 Qc4+ {White resigns} 0-1

[Event "ICC tourney 2039 (30 10)"]
[Site "Internet Chess Club"]
[Date "2020.10.04"]
[Round "2"]
[White "nnrs"]
[Black "ChessG2011"]
[Result "1-0"]
[ICCResult "Black resigns"]
[WhiteElo "1566"]
[BlackElo "1184"]
[Opening "Grünfeld: Spassky variation, main line, 10...cd, 11.cd"]
[ECO "D88"]
[NIC "GI.06"]
[Time "13:05:17"]
[TimeControl "1800+10"]

1. d4 Nf6 2. c4 g6 3. Nc3 d5 4. cxd5 Nxd5 5. e4 Nxc3 6. bxc3 Bg7 7. Be3 c5
8. Bc4 Nc6 9. Ne2 cxd4 10. cxd4 O-O 11. O-O b6 12. Rc1 Bb7 13. f3 Na5 14.
Bd3 Qd7 15. Bb1 Rfc8 16. Qd3 Rd8 17. Rfd1 Nc6 18. a3 Rac8 19. Kh1 Na5 20.
Ba2 Rxc1 21. Bxc1 Nc6 22. Bb2 e6 23. Bc3 Qc7 24. Qe3 Ba6 25. Ng3 Ne7 26. Bb4
Nc6 27. Bc3 Ne7 28. f4 Bc4 29. Bxc4 Qxc4 30. Ne2 Nc6 31. Qd3 Qb3 32. Bb4
Nxb4 33. Qxb3 {Black resigns} 1-0

[Event "ICC tourney 2039 (30 10)"]
[Site "Internet Chess Club"]
[Date "2020.10.04"]
[Round "2"]
[White "atharvamchess"]
[Black "Priccchess"]
[Result "0-1"]
[ICCResult "White resigns"]
[WhiteElo "1505"]
[BlackElo "1774"]
[Opening "Queen's pawn, Mason variation"]
[ECO "D00"]
[NIC "QP.08"]
[Time "13:05:03"]
[TimeControl "1800+10"]

1. d4 d5 2. Bf4 e6 3. e3 Nf6 4. Nf3 Bd6 5. Bg3 c5 6. c3 Nc6 7. Bd3 O-O 8.
O-O Re8 9. Ne5 Bxe5 10. dxe5 Nd7 11. f4 f5 12. Na3 a6 13. Nc2 b6 14. Be2 Bb7
15. Bh5 Rf8 16. Bf3 b5 17. Qd2 Nb6 18. b3 Rc8 19. Rfd1 Qe7 20. Rac1 Ba8 21.
Qf2 h6 22. h3 g5 23. Qe2 Qg7 24. Bh2 Bb7 25. Kh1 Ne7 26. g3 Ng6 27. Qg2 Rc7
28. Rg1 h5 29. g4 Nh4 30. Qf2 Nxf3 31. Rg3 Nxh2 32. gxh5 Nf3 33. Qxf3 d4 34.
Qxb7 Rxb7 35. Rxg5 Qxg5 36. fxg5 d3 37. Na3 Rd7 38. Rd1 Rfd8 39. g6 Kg7 40.
h4 Kh6 41. Kg2 Nd5 42. Nb1 Nxe3+ {White resigns} 0-1

[Event "ICC tourney 2039 (30 10)"]
[Site "Internet Chess Club"]
[Date "2020.10.04"]
[Round "2"]
[White "Fredzhang"]
[Black "alfvelas1"]
[Result "0-1"]
[ICCResult "White checkmated"]
[WhiteElo "1018"]
[BlackElo "1487"]
[Opening "French: Two knights variation"]
[ECO "C00"]
[NIC "FR.01"]
[Time "13:05:19"]
[TimeControl "1800+10"]

1. e4 e6 2. Nf3 d5 3. Nc3 d4 4. Ne2 c5 5. c3 Nc6 6. cxd4 cxd4 7. b3 Bc5 8.
Bb2 Nf6 9. Ng3 O-O 10. Bb5 Nb4 11. a3 Na6 12. Bxa6 bxa6 13. O-O a5 14. Re1
Bb7 15. d3 Re8 16. Rc1 Bb6 17. Qd2 e5 18. Nf5 Bc8 19. Qg5 g6 20. Ng3 Kg7 21.
Qd2 Be6 22. b4 axb4 23. Qxb4 Ba5 24. Qc5 Bxe1 25. Rxe1 Nd7 26. Qc2 Rc8 27.
Qd2 f6 28. h4 Bg4 29. Nh2 h5 30. Nxg4 hxg4 31. Qe2 Nc5 32. Qxg4 Nxd3 33.
Nf5+ Kf7 34. Nh6+ Kg7 35. Nf5+ Kh7 36. h5 g5 37. Rb1 Rb8 38. Qe2 Nxb2 39.
Rxb2 Rxb2 40. Qxb2 Qb6 41. Qc2 Rd8 42. Qa2 Qc7 43. Qe6 Rf8 44. Qb3 Qc1+ 45.
Kh2 Qc6 46. f3 Qd7 47. Kg3 d3 48. Qd1 d2 49. Ne3 Qd3 50. Nc2 Rd8 51. Kf2 Kh6
52. g4 Rc8 53. Ne3 Rc1 54. Qa4 d1=N+ 55. Nxd1 Qxd1 56. Qxd1 Rxd1 57. Ke2 Ra1
58. a4 Rxa4 59. Kd2 Rd4+ 60. Ke2 a5 61. Ke3 a4 62. f4 a3 63. fxe5 fxe5 64.
Kf3 a2 65. Ke3 a1=R 66. Kf3 Ra3+ 67. Ke2 Rxe4+ 68. Kd2 Rxg4 69. Ke2 Kxh5 70.
Kf2 Kh4 71. Ke2 Kh3 72. Kf1 Rg2 73. Ke1 Ra1# {White checkmated} 0-1

[Event "ICC tourney 2039 (30 10)"]
[Site "Internet Chess Club"]
[Date "2020.10.04"]
[Round "2"]
[White "raremystery"]
[Black "Vidipkona"]
[Result "0-1"]
[ICCResult "White checkmated"]
[WhiteElo "1653"]
[BlackElo "1481"]
[Opening "Sicilian: Najdorf"]
[ECO "B90"]
[NIC "SI.14"]
[Time "13:05:00"]
[TimeControl "1800+10"]

1. e4 c5 2. Nf3 d6 3. d4 cxd4 4. Nxd4 Nf6 5. Nc3 a6 6. f3 e6 7. Be3 Be7 8.
Qd2 O-O 9. O-O-O b5 10. a3 Bb7 11. g4 Nbd7 12. h4 Ne5 13. h5 Nfd7 14. g5 Nb6
15. g6 Nec4 16. gxh7+ Kxh7 17. Bxc4 Nxc4 18. Qd3 Nxe3 19. Qxe3 Bg5 20. f4
Bh6 21. Nf3 e5 22. Ng5+ Kh8 23. Qh3 exf4 24. Nf3 Qe7 25. Qf5 Rad8 26. Rdg1
Qe6 27. Qxe6 fxe6 28. Rg6 Rf6 29. Kb1 d5 30. Ne5 Kh7 31. exd5 exd5 32. Rhg1
d4 33. Ne2 Rf5 34. Ng4 Rf7 35. Ne5 Re7 36. Ng4 Be4 37. Rxa6 Bxc2+ 38. Kxc2
d3+ 39. Kc1 dxe2 40. Re1 f3+ 41. Rxh6+ gxh6 42. Nf6+ Kg7 43. Ng4 Rc7+ 44.
Kb1 Rd1+ 45. Rxd1 exd1=Q+ 46. Ka2 Rc1 47. Nxh6 Ra1# {White checkmated} 0-1

[Event "ICC tourney 2039 (30 10)"]
[Site "Internet Chess Club"]
[Date "2020.10.04"]
[Round "2"]
[White "Honeybrook"]
[Black "travelworld"]
[Result "1-0"]
[ICCResult "Black checkmated"]
[WhiteElo "1352"]
[BlackElo "1109"]
[Opening "Bishop's opening/Petrov: Urusov gambit"]
[ECO "C24"]
[NIC "IG.04"]
[Time "13:05:06"]
[TimeControl "1800+10"]

1. e4 e5 2. Bc4 Nf6 3. d4 exd4 4. Nf3 Nxe4 5. Qxd4 Qe7 6. O-O Nc6 7. Qd1 d6
8. Re1 Bf5 9. Nc3 O-O-O 10. Nxe4 Bxe4 11. Ng5 Bxc2 12. Rxe7 Bxd1 13. Re1 Bh5
14. Bxf7 Bg6 15. Bxg6 hxg6 16. Nf7 Be7 17. Nxd8 Kxd8 18. Re6 Re8 19. Rxg6
Bf6 20. Bg5 Ne7 21. Bxf6 gxf6 22. Rxf6 Nd5 23. Rf3 Re2 24. Rb3 b6 25. h4 Nf4
26. Kf1 Re8 27. Re1 Rh8 28. g3 Ng6 29. f4 Kd7 30. Kf2 c5 31. Rbe3 d5 32. Re6
Nf8 33. Re7+ Kc8 34. Rxa7 Kb8 35. Ree7 d4 36. Rab7+ Kc8 37. Rxb6 Kd8 38. Ra7
Kc8 39. Ra8+ Kc7 40. Rf6 d3 41. Raxf8 Rxf8 42. Rxf8 d2 43. Ke2 Kd6 44. Kxd2
Kd5 45. h5 Kd4 46. h6 c4 47. h7 Ke4 48. h8=Q Kf3 49. Qh1+ Kf2 50. Rh8 Kxg3
51. Qh4+ Kg2 52. Rg8+ Kf1 53. Ke3 c3 54. Qf2# {Black checkmated} 1-0

[Event "ICC tourney 2039 (30 10)"]
[Site "Internet Chess Club"]
[Date "2020.10.04"]
[Round "2"]
[White "jacobsperber"]
[Black "yanje03"]
[Result "0-1"]
[ICCResult "White checkmated"]
[WhiteElo "1193"]
[BlackElo "1497"]
[Opening "QGD: Ragozin variation"]
[ECO "D38"]
[NIC "NI.27"]
[Time "13:04:58"]
[TimeControl "1800+10"]

1. d4 Nf6 2. Nf3 e6 3. c4 d5 4. Nc3 Bb4 5. a3 Bxc3+ 6. bxc3 c5 7. cxd5 exd5
8. Bg5 Nbd7 9. e3 h6 10. Bh4 O-O 11. Bd3 Qa5 12. Qc2 c4 13. Bf5 Qa6 14. O-O
Re8 15. Rfe1 Nf8 16. Bxc8 Raxc8 17. Rab1 Rc6 18. Ne5 Rce6 19. Bxf6 Rxf6 20.
a4 Ng6 21. Nd7 Rc6 22. Nc5 Qa5 23. Rb5 Qd8 24. Rxb7 Qg5 25. Qe2 Rf6 26. Kh1
Nf4 27. Qf1 Nd3 28. Nxd3 cxd3 29. f4 Qg6 30. Rb2 Qe4 31. Rd2 Rxf4 32. Qxd3
Qxd3 33. Rxd3 Rf2 34. Kg1 Ra2 35. Rdd1 Rxa4 36. Kf2 Ra3 37. Ra1 Rxc3 38.
Rxa7 Rb8 39. Kf3 Rc2 40. Ra5 Rbb2 41. Rg1 Rf2+ 42. Kg3 Rf5 43. h4 Re2 44.
Ra8+ Kh7 45. Kg4 g6 46. Ra3 h5+ 47. Kg3 Kh6 48. Kh3 Rff2 49. Rb3 g5 50.
hxg5+ Kxg5 51. Ra3 f5 52. Rd3 f4 53. exf4+ Rxf4 54. Rc1 Rh4+ 55. Kg3 Rg4+
56. Kf3 Rexg2 57. Re1 R4g3# {White checkmated} 0-1

[Event "ICC tourney 2039 (30 10)"]
[Site "Internet Chess Club"]
[Date "2020.10.04"]
[Round "2"]
[White "wildrumpus"]
[Black "saanvit"]
[Result "1-0"]
[ICCResult "Black checkmated"]
[WhiteElo "1504"]
[BlackElo "1623"]
[Opening "Queen's pawn game"]
[ECO "D00"]
[NIC "QP.08"]
[Time "13:05:40"]
[TimeControl "1800+10"]

1. d4 d5 2. e3 e6 3. Bd3 c5 4. c3 c4 5. Bc2 Nf6 6. Nd2 Be7 7. f4 Nc6 8. Ngf3
b5 9. O-O O-O 10. Ne5 Bb7 11. Qf3 b4 12. g4 bxc3 13. bxc3 Qa5 14. e4 Nxe5
15. fxe5 Nxe4 16. Nxc4 dxc4 17. Bxe4 Bxe4 18. Qxe4 Qxc3 19. Be3 Ba3 20. Rad1
Bb2 21. Rf3 Qa5 22. Rdf1 Rad8 23. Rh3 g6 24. Qf4 f5 25. exf6 g5 26. Qe4 Rf7
27. Qxe6 Qd5 28. Qf5 Bxd4 29. Qxd5 Rxd5 30. Bxd4 Rxd4 31. Rg3 Rd2 32. Rc3
Rd4 33. h3 Rfd7 34. Rf5 h6 35. Kf2 Rd2+ 36. Ke3 R7d3+ 37. Rxd3 Rxd3+ 38. Ke4
Rxh3 39. Rc5 c3 40. Kf5 Re3 41. Kg6 Kf8 42. Rc8+ Re8 43. Rxc3 a5 44. Rh3 Re4
45. Rxh6 Kg8 46. f7+ Kf8 47. Rh8+ Ke7 48. f8=Q+ Kd7 49. Qf5+ Re6+ 50. Kxg5
Kd6 51. Rd8+ Ke7 52. Re8+ Kd6 53. Qxe6+ Kc7 54. Re7+ Kb8 55. Qg8#
{Black checkmated}
1-0

[Event "ICC tourney 2039 (30 10)"]
[Site "Internet Chess Club"]
[Date "2020.10.04"]
[Round "3"]
[White "ChessG2011"]
[Black "shreyanshdaga"]
[Result "1-0"]
[ICCResult "Black checkmated"]
[WhiteElo "1185"]
[BlackElo "153"]
[Opening "Sicilian: dragon, classical, Richter variation"]
[ECO "B73"]
[NIC "SI.15"]
[Time "15:01:22"]
[TimeControl "1800+10"]

1. e4 c5 2. Nf3 d6 3. d4 cxd4 4. Nxd4 Nf6 5. Nc3 g6 6. Be2 Bg7 7. Be3 O-O 8.
O-O Nc6 9. Qd2 Bd7 10. Rad1 Qb6 11. Ne6 Bxe6 12. Bxb6 axb6 13. Rb1 Nh5 14.
Bxh5 gxh5 15. a3 Kh8 16. Nd5 Rg8 17. Nc7 Rac8 18. Nxe6 fxe6 19. Kh1 Be5 20.
g3 h4 21. Rg1 hxg3 22. fxg3 Rg7 23. Rbf1 h6 24. Qxh6+ Kg8 25. Qxe6+ Kh7 26.
Qxc8 Rg4 27. Qxg4 Na5 28. Rf7+ Kh6 29. Qh4+ Kg6 30. Qh7+ Kg5 31. h4+ Kg4 32.
Qg6+ Kh3 33. Qe6# {Black checkmated} 1-0